 Dungeon Crawl Stone Soup version 0.20.2-3-g29329e0561 (webtiles) character file.

651 Alfie the Cutter (level 7, -1/61 HPs)
             Began as a Minotaur Fighter on Jan 29, 2024.
             Killed by divine providence
             ... invoked by an orc priest
              (13 damage)
             ... on level 6 of the Dungeon.
             The game lasted 00:05:49 (3222 turns).

Alfie the Cutter (Minotaur Fighter)                 Turns: 3222, Time: 00:05:50

Health: -1/61      AC: 10    Str: 22    XL:     7   Next: 28%
Magic:  6/6        EV:  8    Int:  5    God:
Gold:   168        SH: 10    Dex: 10    Spells: 6/6 levels left

rFire    . . .     SeeInvis .   a - +0 rapier
rCold    . . .     Gourm    .   c - +0 shield
rNeg     . . .     Faith    .   b - +0 scale mail
rPois    .         Spirit   .   (helmet restricted)
rElec    .         Reflect  .   (no cloak)
rCorr    .         Harm     .   m - +0 pair of gloves
MR       .....                  d - +0 pair of boots
Stlth    ..........             (no amulet)
Regen    0.2/turn               (no ring)
MPRegen  0.1/turn               (no ring)

@: no status effects
A: retaliatory headbutt, horns 2
a: no special abilities


You were on level 6 of the Dungeon.
You were not hungry.

You visited 1 branch of the dungeon, and saw 6 of its levels.

You collected 168 gold pieces.

Inventory:

Hand Weapons
 a - a +0 rapier (weapon)
Armour
 b - a +0 scale mail (worn)
 c - a +0 shield (worn)
 d - a +0 pair of boots (worn)
 m - a +0 pair of gloves (worn)
Wands
 s - a wand of lightning (3/15)
Scrolls
 e - 3 scrolls of teleportation
 g - 2 scrolls of amnesia {unknown}
 i - a scroll of fog {unknown}
 j - 3 scrolls of remove curse {unknown}
 k - 2 scrolls of magic mapping {unknown}
 o - 4 scrolls of identify {unknown}
 r - a scroll of noise {unknown}
 t - a scroll of immolation {unknown}
Potions
 h - a potion of ambrosia {unknown}
 n - 3 potions of flight {unknown}
 p - a potion of brilliance {unknown}
 q - 2 potions of curing {unknown}
Comestibles
 f - 3 bread rations
 l - 3 meat rations


   Skills:
 + Level 5.1 Fighting
 + Level 5.9 Short Blades
 + Level 5.5 Armour
 + Level 1.5 Dodging
 + Level 0.3 Stealth
 + Level 5.4 Shields


You had 6 spell levels left.
You didn't know any spells.

Dungeon Overview and Level Annotations

Branches:
Dungeon (6/15)
 Temple: D:4-7

Altars:
Kikubaaqudgha

Annotations:
D:5 Eustachio, Menkaure


Innate Abilities, Weirdness & Mutations

You reflexively headbutt those who attack you in melee.
You have a pair of horns on your head.


Message History

Pain shoots through your body!
* * * LOW HITPOINT WARNING * * *
The orc priest barely misses you.
Things that are here:
a mace; a leather armour; an orc corpse You hit the orc priest.
The orc priest is moderately wounded.
You hit the orc priest.
You headbutt the orc priest, but do no damage.
The orc priest is heavily wounded.
You block the orc priest's attack.
The orc priest hits you but does no damage.
You hit the orc priest.
The orc priest is almost dead.
The orc priest hits you but does no damage.
You hit the orc priest but do no damage.
The orc priest is almost dead.
The orc priest mumbles some strange prayers to Beogh against you.
Beogh smites you!
You die...

#######..
#........
#..<.....
#<# #)#
#.# #o#
#@# #.#
#.# #.$
#.## #..
###


You could see an orc priest.

Vanquished Creatures
  The ghost of Alfie the Skirmisher, an amateur HOFi (D:4)
  A scorpion (D:4)
  A bullfrog zombie (D:4)
  A jelly (D:3)
  An orc priest (D:5)
  A gnoll shaman (D:4)
  2 orc wizards
  3 worker ants
  5 gnolls
  3 adders
  A shadow imp (D:5)
  An ooze (D:2)
  A worm (D:3)
  A leopard gecko (D:2)
  4 orcs
  A ball python (D:2)
  3 bats (D:1)
  A giant cockroach (D:2)
  6 hobgoblins
  2 jackals (D:2)
  5 quokkas
  3 frilled lizards
  8 goblins
  8 kobolds
  A leopard gecko zombie (D:5)
  8 rats
73 creatures vanquished.

Notes
Turn   | Place    | Note
-------+----------+-------------------------------------------
     0 | D:1      | Alfie the Minotaur Fighter began the quest for the Orb.
     0 | D:1      | Reached XP level 1. HP: 19/19 MP: 0/0
    92 | D:1      | You fall through a shaft!
   145 | D:2      | Reached XP level 2. HP: 27/27 MP: 1/1
   153 | D:2      | Found a faded altar of an unknown god.
   386 | D:1      | Reached XP level 3. HP: 29/33 MP: 2/2
  1598 | D:3      | Found an ancient bone altar of Kikubaaqudgha.
  1680 | D:3      | Reached XP level 4. HP: 41/41 MP: 3/3
  2321 | D:4      | Noticed Alfie's ghost (amateur HOFi)
  2337 | D:4      | Killed Alfie's ghost
  2337 | D:4      | Reached skill level 5 in Armour
  2337 | D:4      | Reached skill level 1 in Dodging
  2337 | D:4      | Reached XP level 5. HP: 41/47 MP: 4/4
  2337 | D:4      | Reached XP level 6. HP: 48/55 MP: 5/5
  2360 | D:4      | Reached skill level 5 in Shields
  2364 | D:4      | Reached skill level 5 in Short Blades
  2550 | D:4      | Reached skill level 5 in Fighting
  2550 | D:4      | Reached XP level 7. HP: 48/61 MP: 6/6
  2812 | D:5      | Entered Level 5 of the Dungeon
  2825 | D:5      | Noticed a kobold demonologist
  2891 | D:5      | Noticed Menkaure
  2893 | D:5      | Noticed Eustachio
  3222 | D:6      | Killed from afar by an orc priest

Skill      XL: |  1  2  3  4  5  6 |
---------------+-------------------+-----
Armour         | 4 5 |  5.5
Shields        | 4 5 |  5.4
Fighting       | 4 5 |  5.1
Short Blades   | 4 5 |  5.9
Dodging        | 1 |  1.5
Stealth        | |  0.3

Action                   |  1- 3 |  4- 6 |  7- 9 || total
-------------------------+-------+-------+-------++-------
Melee: Rapier            |    91 |    92 |    33 ||   216
       Headbutt          |     9 |    12 |     6 ||    27
  Use: Potion            |       |     1 |       ||     1
       Scroll            |       |       |     1 ||     1
  Eat: Fruit             |     2 |     2 |       ||     4
       Chunk             |       |     2 |       ||     2
       Meat ration       |       |       |     1 ||     1
Armor: Scale mail        |    18 |    26 |    25 ||    69
Dodge: Dodged            |    20 |    24 |    11 ||    55
Block: Shield            |    50 |    45 |    29 ||   124
